[Event "Team 45 45 League T69"]
[Site "Internet Chess Club"]
[Date "2016.07.10"]
[Round "5"]
[White "deancorso1"]
[Black "fishhead"]
[Result "1-0"]
[WhiteElo "1971"]
[BlackElo "1688"]
[Opening "Nimzo-Indian: 4.e3"]
[ECO "E40"]
[Time "14:19:06"]
[TimeControl "2700+45"]

1. d4 Nf6 2. c4 e6 3. Nc3 Bb4 4. e3 Bxc3+ 5. bxc3 c5 6. Nf3 Qc7 7. Bd3 d6 8. O-O
Nc6 9. e4 h6 10. h3 O-O 11. d5 Ne7 12. e5 Ne8 13. Bf4 dxe5 14. Bxe5 Qd8 15. Re1
f6 16. Bg3 e5 17. Qc2 Nd6 18. Nd2 Bf5 19. Rab1 Qd7 20. f4 Bxd3 21. Qxd3 exf4 22.
Bxf4 b6 23. Bxd6 Qxd6 24. Re6 Qd7 25. Rbe1 Rf7 26. Qe4 Kf8 27. d6 Nc6 28. Qh7
{Black resigns} 1-0

[Event "Team 45 45 League T69"]
[Site "Internet Chess Club"]
[Date "2016.07.10"]
[Round "5"]
[White "roji"]
[Black "Goli"]
[Result "1/2-1/2"]
[WhiteElo "1818"]
[BlackElo "1815"]
[Opening "Pirc: Austrian attack, 6.Be3"]
[ECO "B06"]
[Time "19:18:10"]
[TimeControl "2700+45"]

1. e4 g6 2. d4 Bg7 3. Nc3 d6 4. Be3 Nf6 5. f4 O-O 6. Nf3 a6 7. a4 Bg4 8. h3 Bxf3
9. Qxf3 Nc6 10. O-O-O Qc8 11. e5 Nd7 12. h4 e6 13. h5 Ne7 14. Ne4 Nf5 15. Bf2 d5
16. Ng5 h6 17. Nh3 c5 18. g4 Nxd4 19. Bxd4 cxd4 20. hxg6 fxg6 21. Qd3 Kh7 22.
Ng5+ Kg8 23. Rxh6 Rxf4 24. Qxg6 Nf8 25. Qh5 Qe8 26. Bd3 Qxh5 27. Rxh5 Rxg4 28.
Rf1 Bxe5 29. Nxe6 Nxe6 30. Rxe5 Nc5 31. Bf5 Rg7 32. Rxd5 Nxa4 33. Be6+ Kh8 34.
Rxd4 Nc5 35. Rh1+ Rh7 36. Rxh7+ Kxh7 37. Bf5+ Kh6 38. Rc4 b6 39. b4 Na4 40. Bd7
b5 41. Rc6+ Kg7 42. Bc8 a5 43. c3 axb4 44. cxb4 Rb8 45. Ba6 Rb6 46. Rc7+ Kf6 47.
Bc8 Ke5 48. Kc2 Kd6 49. Rd7+ Kc6 50. Rh7 Kd5 51. Bb7+ Kd4 52. Re7 Nc3 53. Kb3
Na4 {Game drawn by mutual agreement} 1/2-1/2

[Event "Team 45 45 League T69"]
[Site "Internet Chess Club"]
[Date "2016.07.07"]
[Round "5"]
[White "zap2"]
[Black "PJ"]
[Result "1-0"]
[WhiteElo "1752"]
[BlackElo "1628"]
[Opening "English: closed, Hort variation"]
[ECO "A25"]
[Time "11:00:13"]
[TimeControl "2700+45"]

1. g3 g6 2. Bg2 Bg7 3. c4 e5 4. Nc3 Nc6 5. e3 d6 6. Nge2 Be6 7. d3 Qd7 8. Nd5
Nd8 9. O-O c6 10. Ndc3 Bh3 11. d4 h5 12. dxe5 Bxg2 13. Kxg2 Bxe5 14. f4 Bf6 15.
Ne4 Be7 16. Qd4 Rh7 17. Rd1 Ne6 18. Qd3 O-O-O 19. b4 h4 20. Bb2 hxg3 21. N2xg3
Nc7 22. Nf2 Bf6 23. Rab1 Bxb2 24. Rxb2 Nh6 25. Qe2 Nf5 26. Rbd2 Nxg3 27. hxg3
Qe7 28. Qg4+ Kb8 29. Rd3 Ne8 30. e4 Nf6 31. Qf3 Rhh8 32. e5 dxe5 33. Rxd8+ Rxd8
34. Rxd8+ Qxd8 35. fxe5 Nd7 36. Qxf7 Nxe5 37. Qf4 Qc7 38. c5 b6 39. Ne4 Nf7 40.
Kf3 Ne5+ 41. Ke3 Nc4+ 42. Ke2 Kb7 43. Nd6+ Nxd6 44. cxd6 Qd7 45. Qe5 Qg4+ 46.
Ke3 Qd1 47. Qe7+ Ka6 48. g4 Qe1+ 49. Kf4 Qc1+ 50. Ke5 g5 51. Ke6 {Black resigns}
1-0

[Event "Team 45 45 League T69"]
[Site "Internet Chess Club"]
[Date "2016.07.11"]
[Round "5"]
[White "origami77"]
[Black "Yedixon"]
[Result "0-1"]
[WhiteElo "1681"]
[BlackElo "1735"]
[Opening "Petrov: Nimzovich attack"]
[ECO "C42"]
[Time "20:07:32"]
[TimeControl "2700+45"]

1. e4 e5 2. Nf3 Nf6 3. Nxe5 d6 4. Nf3 Nxe4 5. Nc3 Nxc3 6. dxc3 Be7 7. Bc4 Nc6 8.
O-O O-O 9. Bf4 Bg4 10. Qd3 Qc8 11. Rfe1 Re8 12. Bg5 Bxf3 13. Bxe7 Ne5 14. Rxe5
dxe5 15. Bh4 Qg4 16. Qxf3 Qxc4 17. Qg3 Re6 18. b3 Qf4 19. Qxf4 exf4 20. Rd1 f6
21. f3 Rae8 22. Kf1 Re2 23. Re1 Rxe1+ 24. Bxe1 Kf7 25. Kf2 Ke6 26. a3 Rd8 27.
Ke2 c5 28. c4 b6 29. a4 g5 30. h3 h5 31. Kf2 Rd1 32. Ke2 Rd7 33. Kf2 Kf5 34. g4+
fxg3+ 35. Kxg3 Rd1 {White resigns} 0-1

[Event "Team 45 45 League T69"]
[Site "Internet Chess Club"]
[Date "2016.07.08"]
[Round "5"]
[White "OzymandiasVII"]
[Black "qingjoshua"]
[Result "0-1"]
[WhiteElo "1689"]
[BlackElo "1672"]
[Opening "King's Indian: Torre attack"]
[ECO "A48"]
[Time "13:00:52"]
[TimeControl "2700+45"]

1. d4 Nf6 2. Nf3 g6 3. Bg5 Ne4 4. Bf4 Bg7 5. c3 O-O 6. h4 h5 7. Nbd2 Nxd2 8.
Qxd2 d5 9. Bh6 Nc6 10. O-O-O Bf5 11. Bxg7 Kxg7 12. e3 a6 13. Bd3 Qd7 14. Rde1
Rad8 15. e4 dxe4 16. Bxe4 Bxe4 17. Rxe4 Qd5 18. Rhe1 Qxa2 19. Qc2 e6 20. g4 hxg4
21. Rxg4 Qd5 22. Rg5 Qxf3 23. h5 Qf4+ 24. Qd2 Qxd2+ 25. Kxd2 Rd5 26. Rxd5 exd5
27. Rg1 Rh8 28. hxg6 fxg6 29. Rg5 Ne7 30. Re5 Kf6 31. b4 c6 {White resigns} 0-1

[Event "Team 45 45 League T69"]
[Site "Internet Chess Club"]
[Date "2016.07.06"]
[Round "5"]
[White "AH2012"]
[Black "tightfist"]
[Result "0-1"]
[WhiteElo "1631"]
[BlackElo "1492"]
[Opening "French: Rubinstein variation"]
[ECO "C03"]
[Time "21:02:06"]
[TimeControl "2700+45"]

1. e4 e6 2. d4 d5 3. Nd2 dxe4 4. Nxe4 Nd7 5. Nf3 Ngf6 6. Nc3 Be7 7. Be2 O-O 8.
O-O c5 9. Be3 Qb6 10. Na4 Qa5 11. c3 cxd4 12. cxd4 Nd5 13. Bd2 Bb4 14. Bxb4 Qxb4
15. a3 Qa5 16. b4 Qd8 17. Nc5 Nc3 18. Qc2 Nxe2+ 19. Qxe2 Nf6 20. Rfd1 b6 21. Ne4
Nd5 22. Qc2 Bb7 23. Neg5 g6 24. Qd2 Rc8 25. Ne4 Nxb4 26. Qh6 f6 27. Nxf6+ Qxf6
28. axb4 Bxf3 29. gxf3 Qxf3 30. Rf1 Rc7 31. Qe3 Qg4+ 32. Qg3 Rf4 33. Rfd1 Rd7
34. Kf1 Rdxd4 35. Rxd4 Rxd4 36. Qb8+ Kg7 37. Qxa7+ Kh6 38. Qxb6 Rxb4 39. Qe3+ g5
40. f3 Qc4+ 41. Kg2 Rb2+ 42. Kg3 Qh4# {White checkmated} 0-1

[Event "Team 45 45 League T69"]
[Site "Internet Chess Club"]
[Date "2016.07.11"]
[Round "5"]
[White "Freitac"]
[Black "lacibacsi"]
[Result "1/2-1/2"]
[WhiteElo "1960"]
[BlackElo "2064"]
[Opening "King's Indian: Sämisch, Panno main line"]
[ECO "E84"]
[Time "16:32:21"]
[TimeControl "2700+45"]

1. d4 Nf6 2. c4 g6 3. Nc3 Bg7 4. e4 d6 5. f3 O-O 6. Be3 Nc6 7. Nge2 a6 8. Qd2
Rb8 9. Rc1 Bd7 10. Nd1 b5 11. c5 e6 12. Nf2 b4 13. g3 Ne7 14. Bg2 Bb5 15. O-O
Nd7 16. Rfd1 a5 17. b3 a4 18. cxd6 cxd6 19. Nd3 Nc6 20. Rc2 axb3 {Game drawn by
mutual agreement} 1/2-1/2

[Event "Team 45 45 League T69"]
[Site "Internet Chess Club"]
[Date "2016.07.10"]
[Round "5"]
[White "Tobiasdelmonte"]
[Black "santiagoelawad"]
[Result "0-1"]
[WhiteElo "1751"]
[BlackElo "2009"]
[Opening "Old Benoni defense"]
[ECO "A46"]
[Time "11:00:18"]
[TimeControl "2700+45"]

1. d4 Nf6 2. Nf3 c5 3. d5 e6 4. dxe6 fxe6 5. c4 b6 6. g3 Bb7 7. Bg2 Be7 8. Nc3
O-O 9. O-O Ne4 10. Qc2 Nxc3 11. Qxc3 Bf6 12. Qc2 Nc6 13. a3 d5 14. h4 Nd4 15.
Nxd4 cxd4 16. cxd5 Bxd5 17. Qd3 Bxg2 18. Kxg2 Qd5+ 19. e4 dxe3+ 20. Qxd5 exd5
21. fxe3 Rac8 22. Rf2 Be5 23. Rd2 Rfd8 24. Rb1 Rc4 25. Rf2 Rg4 26. Rf3 Rf8 27.
Rxf8+ Kxf8 28. Bd2 Rxg3+ 29. Kf2 Rg4 30. Bb4+ Kf7 31. Rd1 Ke6 32. Rh1 Bxb2 33.
Kf3 Rc4 34. h5 a5 35. Rb1 Be5 36. Be1 Bc7 37. Bg3 Kd7 38. Bf2 Kc6 39. Rg1 Be5
40. Bg3 Bf6 41. Rg2 b5 42. Rh2 b4 43. axb4 axb4 44. Ra2 b3 45. Ra8 Rb4 46. Rc8+
Kd7 47. Rc7+ Kd8 48. Rc1 b2 49. Rb1 Rc4 50. Rd1 Rc1 51. Rxd5+ Ke8 {White
resigns} 0-1

[Event "Team 45 45 League T69"]
[Site "Internet Chess Club"]
[Date "2016.07.10"]
[Round "5"]
[White "Portola"]
[Black "JPSVI"]
[Result "0-1"]
[WhiteElo "1793"]
[BlackElo "1538"]
[Opening "Dutch, 2.Bg5 variation"]
[ECO "A80"]
[Time "12:00:51"]
[TimeControl "2700+45"]

1. d4 f5 2. Bg5 g6 3. e3 Bg7 4. c3 Nc6 5. h3 d6 6. Nf3 h6 7. Bh4 Nf6 8. Nbd2 O-O
9. Bc4+ Kh8 10. Qc2 e5 11. dxe5 dxe5 12. O-O-O Qe8 13. Bxf6 Bxf6 14. e4 f4 15.
Nb3 Nd8 16. Rd2 b5 17. Be2 Nb7 18. Qd3 a6 19. Kb1 Be6 20. Qc2 Nd6 21. Rhd1 Nxe4
22. Bd3 Nxd2+ 23. Rxd2 Kg7 24. Nc5 Bf7 25. Be4 Rd8 26. Rxd8 Qxd8 27. Bxg6 Bxg6
28. Ne6+ Kh7 {White resigns} 0-1

[Event "Team 45 45 League T69"]
[Site "Internet Chess Club"]
[Date "2016.07.09"]
[Round "5"]
[White "nidusin2"]
[Black "Hal2001"]
[Result "1/2-1/2"]
[WhiteElo "1599"]
[BlackElo "1650"]
[Opening "Queen's pawn game"]
[ECO "A46"]
[Time "21:05:06"]
[TimeControl "2700+45"]

1. d4 Nf6 2. Nf3 c5 3. Bf4 cxd4 4. Nxd4 e5 5. Bg5 exd4 6. Qxd4 Nc6 7. Qh4 Be7 8.
e4 Ne5 9. f3 Ng6 10. Qg3 Qa5+ 11. Bd2 Qb6 12. Nc3 O-O 13. Bd3 Ne8 14. h4 h5 15.
f4 Bxh4 16. Rxh4 Nxh4 17. Qxh4 g6 18. Nd5 Qg1+ 19. Bf1 Qd4 20. Bd3 Qg1+ 21. Bf1
Qd4 22. Bd3 Qg1+ 23. Bf1 {Game drawn by repetition} 1/2-1/2

[Event "Team 45 45 League T69"]
[Site "Internet Chess Club"]
[Date "2016.07.09"]
[Round "5"]
[White "hood"]
[Black "deancorso1"]
[Result "0-1"]
[WhiteElo "1927"]
[BlackElo "1965"]
[Opening "Caro-Kann: classical, Spassky variation"]
[ECO "B19"]
[Time "12:14:53"]
[TimeControl "2700+45"]

1. e4 c6 2. d4 d5 3. Nc3 dxe4 4. Nxe4 Bf5 5. Ng3 Bg6 6. h4 h6 7. Nf3 Nd7 8. h5
Bh7 9. Bd3 Bxd3 10. Qxd3 Qc7 11. Bd2 e6 12. O-O-O Ngf6 13. Kb1 O-O-O 14. Ne4
Nxe4 15. Qxe4 Nf6 16. Qe2 Bd6 17. c4 c5 18. Bc3 a6 19. Ka1 cxd4 20. Bxd4 Bc5 21.
Bxc5 Qxc5 22. Ne5 Qe7 23. c5 Rxd1+ 24. Rxd1 Qxc5 25. Nxf7 Rf8 26. Qxe6+ Kb8 27.
Ne5 Rc8 28. a3 Qxf2 29. Nc4 Qxg2 30. Nb6 Re8 31. Qd6+ Ka7 32. Qc5 Qc6 33. Qxc6
bxc6 34. Nc4 Nxh5 35. Rd7+ Kb8 36. Na5 c5 37. Nc6+ Kc8 38. Ra7 Re6 39. Na5 g5
{White resigns} 0-1

[Event "Team 45 45 League T69"]
[Site "Internet Chess Club"]
[Date "2016.07.12"]
[Round "5"]
[White "Agarnez"]
[Black "dp15"]
[Result "0-1"]
[WhiteElo "1950"]
[BlackElo "2033"]
[Opening "English: Caro-Kann defensive system"]
[ECO "A11"]
[Time "19:05:49"]
[TimeControl "2700+45"]

1. c4 c6 2. Nf3 Nf6 3. Nc3 d5 4. e3 Bg4 5. cxd5 cxd5 6. Qb3 Bc8 7. Bb5+ Nc6 8.
Ne5 Bd7 9. Nxd7 Qxd7 10. d4 e6 11. Bd2 Bd6 12. Rc1 O-O 13. O-O a6 14. Bxc6 bxc6
15. Na4 Rab8 16. Qc2 Rfc8 17. b3 Ba3 18. Rcd1 c5 19. Nxc5 Qa7 20. Qd3 Bxc5 21.
dxc5 Qxc5 22. Rc1 Qd6 23. f3 Nd7 24. Rxc8+ Rxc8 25. Rc1 Rxc1+ 26. Bxc1 Ne5 27.
Qc3 f6 28. a4 Kf7 29. Qc2 Qc6 30. Qxc6 Nxc6 31. Bd2 Ke7 32. b4 Ne5 33. Bc3 Nd7
34. e4 Kd6 35. Kf2 e5 36. exd5 Kxd5 37. Ke3 Kc4 38. Be1 Nb6 39. Ke4 Nxa4 40. f4
exf4 41. Kxf4 Nc3 42. Kf5 Nd5 43. g3 Nxb4 44. Ke6 a5 45. Bd2 a4 46. Bc1 Kb3 47.
Kf7 Nd3 48. Be3 a3 49. Kxg7 a2 50. Bd4 Nb2 51. Bxb2 Kxb2 52. Kxf6 a1=Q {White
resigns} 0-1

[Event "Team 45 45 League T69"]
[Site "Internet Chess Club"]
[Date "2016.07.09"]
[Round "5"]
[White "joebobpop"]
[Black "gaucholoco"]
[Result "1-0"]
[WhiteElo "1976"]
[BlackElo "1986"]
[Opening "Sicilian: closed"]
[ECO "B23"]
[Time "12:07:53"]
[TimeControl "2700+45"]

1. e4 c5 2. Nc3 c4 3. Bxc4 e6 4. d4 d6 5. Nge2 a6 6. a4 Nc6 7. O-O Qc7 8. f4
Nxd4 9. Qxd4 d5 10. Bb5+ axb5 11. Nxb5 Qc5 12. exd5 exd5 13. Nec3 Bd7 14. Re1+
Kd8 15. Be3 Qxd4 16. Bxd4 Bc6 17. Bb6+ Kd7 18. Rad1 Nf6 19. Nc7 Bd6 20. Nxa8
Rxa8 21. Bd4 Ra5 22. Be5 Bc5+ 23. Kh1 Ng4 24. Bd4 Nf2+ 25. Bxf2 Bxf2 26. Re5 f6
27. Rh5 h6 28. b4 Rxa4 29. Nxa4 Bxa4 30. Rhxd5+ Ke6 31. R5d2 Bb6 32. Rd6+ {Black
resigns} 1-0

[Event "Team 45 45 League T69"]
[Site "Internet Chess Club"]
[Date "2016.07.06"]
[Round "5"]
[White "NashGames"]
[Black "soccerisfun"]
[Result "1/2-1/2"]
[WhiteElo "2038"]
[BlackElo "1862"]
[Opening "Ruy Lopez: Schliemann defense"]
[ECO "C63"]
[Time "20:00:23"]
[TimeControl "2700+45"]

1. e4 e5 2. Nf3 Nc6 3. Bb5 f5 4. d3 fxe4 5. dxe4 Nf6 6. O-O Bc5 7. Qd3 d6 8. Nc3
Be6 9. Bg5 O-O 10. Nd5 Bxd5 11. Bxf6 Qxf6 12. Qxd5+ Qf7 13. Qxf7+ Kxf7 14. Bxc6
bxc6 15. Rad1 Ke7 16. c3 Rab8 17. b4 Bb6 18. a4 a5 19. Rb1 Ra8 20. b5 cxb5 21.
Rxb5 Rf4 22. Re1 g5 23. h3 h5 24. Re2 g4 25. hxg4 hxg4 26. Nh4 Ke6 27. g3 Rf7
28. Rd2 Raf8 29. Nf5 Rd7 30. Rbb2 d5 31. Rb5 dxe4 32. Rxd7 Bxf2+ 33. Kxf2 Rxf5+
34. Ke3 Rf3+ 35. Kxe4 Kxd7 36. c4 Rxg3 37. Rxe5 Ra3 38. Rxa5 g3 39. Rd5+ Ke6 40.
a5 Ra4 41. Rc5 g2 42. Rg5 Rxc4+ 43. Kd3 Ra4 44. Rxg2 Rxa5 45. Kc4 Ra1 46. Rg6+
Kf7 47. Rh6 Re1 48. Ra6 Ke7 49. Rc6 Kd7 50. Ra6 Rc1+ 51. Kd4 c6 52. Ra5 Kd6 53.
Ra8 c5+ 54. Kd3 Kc6 55. Rc8+ Kb5 56. Rb8+ Ka6 57. Rg8 Rb1 58. Kc3 Rb6 59. Ra8+
Kb5 60. Rc8 Ra6 61. Rb8+ Ka4 62. Rc8 Ra5 63. Kc4 Ka3 64. Kc3 Ka4 65. Kc4 Ka3 66.
Rc7 Ra4+ 67. Kxc5 Kb3 68. Rb7+ Kc3 69. Rc7 Kd3 70. Rd7+ Kc3 71. Rc7 Rc4+ {Game
drawn by mutual agreement} 1/2-1/2

[Event "Team 45 45 League T69"]
[Site "Internet Chess Club"]
[Date "2016.07.13"]
[Round "5"]
[White "JJ12"]
[Black "Jack-ONeill"]
[Result "0-1"]
[WhiteElo "2147"]
[BlackElo "2047"]
[Opening "French: Tarrasch, open variation"]
[ECO "C07"]
[Time "14:02:06"]
[TimeControl "2700+45"]

1. e4 e6 2. d4 d5 3. Nd2 c5 4. exd5 Qxd5 5. Ngf3 cxd4 6. Bc4 Qd6 7. O-O Nf6 8.
Nb3 Nc6 9. Nbxd4 Nxd4 10. Nxd4 a6 11. Re1 Qc7 12. Bb3 Bd7 13. Qf3 Bd6 14. Nf5
Bxh2+ 15. Kh1 O-O-O 16. Ne7+ Kb8 17. g3 Qc5 18. Bf4+ Ka8 19. Kxh2 Qxe7 20. Kg1
Bc6 21. Qe3 Ng4 22. Qb6 h5 23. Re3 h4 24. Rc3 hxg3 25. Rxc6 Qh4 26. Kf1 Qh1+ 27.
Ke2 Qe4+ 28. Be3 Nxe3 29. Qxe3 Qxe3+ 30. Kxe3 bxc6 31. fxg3 Kb7 32. Rf1 f6 33.
Rf4 e5 34. Rb4+ Ka7 35. Rc4 Rd6 36. Rb4 a5 37. Rc4 Kb6 38. a3 f5 39. Kf3 g5 40.
g4 f4 41. Re4 Re8 {White resigns} 0-1

[Event "Team 45 45 League T69"]
[Site "Internet Chess Club"]
[Date "2016.07.08"]
[Round "5"]
[White "Ptzz"]
[Black "junard"]
[Result "1-0"]
[WhiteElo "1995"]
[BlackElo "1898"]
[Opening "QGD Slav: 4.Nc3"]
[ECO "D15"]
[Time "08:25:29"]
[TimeControl "2700+45"]

1. d4 d5 2. c4 c6 3. Nf3 Nf6 4. Nc3 a6 5. e3 b5 6. c5 Nbd7 7. a3 Qc7 8. b4 e5 9.
dxe5 Nxe5 10. Bb2 Bg4 11. Be2 Nc4 12. Bxc4 bxc4 13. Qa4 Bxf3 14. gxf3 Qb7 15.
O-O-O O-O-O 16. Ne2 {Black forfeits on time} 1-0

[Event "Team 45 45 League T69"]
[Site "Internet Chess Club"]
[Date "2016.07.08"]
[Round "5"]
[White "jt2000"]
[Black "Holgate"]
[Result "1-0"]
[WhiteElo "2042"]
[BlackElo "1991"]
[Opening "Sicilian"]
[ECO "B56"]
[Time "12:00:39"]
[TimeControl "2700+45"]

1. e4 c5 2. Nf3 d6 3. d4 cxd4 4. Nxd4 Nf6 5. Nc3 Nc6 6. f3 e5 7. Nb3 Be7 8. Be3
O-O 9. Qd2 a5 10. Na4 Be6 11. Bb5 d5 12. Nb6 d4 13. Nxa8 Qxa8 14. Bf2 a4 15. Nc1
a3 16. bxa3 Qxa3 17. Nd3 Na7 18. Rb1 Bxa2 19. Rb2 Rc8 20. O-O Nxb5 21. Rxb5 Bc4
22. Rxb7 Ba6 23. Rb3 Qa2 24. Rb2 Qa3 25. Rfb1 h6 26. Nxe5 {Black resigns} 1-0

[Event "Team 45 45 League T69"]
[Site "Internet Chess Club"]
[Date "2016.07.09"]
[Round "5"]
[White "Tobiasdelmonte"]
[Black "laurenpar"]
[Result "1-0"]
[WhiteElo "1757"]
[BlackElo "1886"]
[Opening "Queen's pawn"]
[ECO "A40"]
[Time "23:00:24"]
[TimeControl "2700+45"]

1. d4 e6 2. Nf3 f5 3. Bf4 Nf6 4. e3 d6 5. Be2 g6 6. c4 Bg7 7. O-O O-O 8. Nc3 Qe7
9. h3 b6 10. Rc1 Kh8 11. b4 a5 12. a3 axb4 13. axb4 Nbd7 14. Nb5 Ne8 15. c5 bxc5
16. bxc5 e5 17. Bg5 Ndf6 18. cxd6 cxd6 19. Qc2 Bb7 20. Qb2 h6 21. dxe5 hxg5 22.
exf6 Bxf6 23. Qb4 Rb8 24. Nfd4 Be5 25. Qc4 Rc8 26. Qe6 Qxe6 27. Nxe6 Rf7 28.
Nxg5 Re7 29. Rxc8 Bxc8 30. Rc1 Ba6 31. Nd4 Bxd4 32. Bxa6 Bc5 33. Rb1 Kg7 34. Bc4
Kf6 35. h4 Ra7 36. g3 Ke7 37. Bf7 Nf6 38. Bxg6 {Black resigns} 1-0

[Event "Team 45 45 League T69"]
[Site "Internet Chess Club"]
[Date "2016.07.06"]
[Round "5"]
[White "gump12345"]
[Black "swagnik"]
[Result "0-1"]
[WhiteElo "2017"]
[BlackElo "1889"]
[Opening "Robatsch defense"]
[ECO "B06"]
[Time "21:13:09"]
[TimeControl "2700+45"]

1. e4 g6 2. d4 Bg7 3. Nc3 c5 4. d5 d6 5. Nf3 e6 6. Bb5+ Bd7 7. Be2 Bxc3+ 8. bxc3
Nf6 9. Qd3 O-O 10. c4 Re8 11. Nd2 Qe7 12. f3 Na6 13. Nf1 Nb4 14. Qd2 exd5 15. c3
dxe4 16. cxb4 exf3 17. gxf3 Nh5 18. Kf2 Qh4+ 19. Kg1 Rxe2 20. Qxe2 Qd4+ 21. Be3
Qxa1 22. bxc5 dxc5 23. Kf2 Re8 24. Qd2 Bc6 25. Bg5 Qe5 26. Ng3 Nxg3 27. hxg3
Bxf3 28. Re1 Be4 29. Qd7 Re6 30. Qd8+ Kg7 31. Qd2 Qd4+ 32. Qxd4+ cxd4 33. Rd1 d3
34. Ke3 f6 35. Bf4 g5 36. Bb8 a6 37. Rd2 Kg6 38. c5 Bf5+ 39. Kf3 h5 40. Kf2 Rc6
41. Ba7 h4 42. gxh4 gxh4 43. Rb2 h3 44. Kf3 Rc7 45. Rd2 Kg5 46. Kg3 Rc8 47. Bb6
Be4 48. Kxh3 Kf4 49. Rf2+ Bf3 {White resigns} 0-1

[Event "Team 45 45 League T69"]
[Site "Internet Chess Club"]
[Date "2016.07.08"]
[Round "5"]
[White "SlimeDog2"]
[Black "xwang1"]
[Result "1-0"]
[WhiteElo "2054"]
[BlackElo "2116"]
[Opening "King's Indian: Semi-Averbakh system"]
[ECO "E73"]
[Time "22:03:10"]
[TimeControl "2700+45"]

1. d4 Nf6 2. c4 g6 3. Nc3 Bg7 4. e4 d6 5. Be2 O-O 6. Be3 e5 7. d5 a5 8. g4 Na6
9. g5 Nd7 10. h4 f5 11. gxf6 Qxf6 12. Qd2 Ndc5 13. O-O-O Bd7 14. h5 Be8 15. Nh3
a4 16. Rdg1 a3 17. b3 c6 18. Bg5 Qf7 19. hxg6 hxg6 20. Bg4 Nb4 21. Be3 Nbd3+ 22.
Kb1 Qe7 23. Ng5 Nf4 24. Bxc5 dxc5 25. Ne6 Rf6 26. d6 Qf7 27. Nxg7 Kxg7 28. d7
Bxd7 29. Qxd7 Qxd7 30. Bxd7 Nd3 31. Rh2 Nxf2 32. Bf5 Nd3 33. Rd2 Rd8 34. Rg3
Rfd6 35. Bxg6 Rxg6 36. Rdxd3 Rxg3 37. Rxg3+ Kf6 38. Kc2 Rh8 39. Rg2 Rh1 40. Na4
Ra1 41. Kd3 Rb1 42. Nxc5 Rb2 43. Rxb2 axb2 44. Kc2 b6 45. Nd7+ Ke6 46. Nxb6
{Black resigns} 1-0

[Event "Team 45 45 League T69"]
[Site "Internet Chess Club"]
[Date "2016.07.07"]
[Round "5"]
[White "chessfunblast"]
[Black "JefferyChess"]
[Result "0-1"]
[WhiteElo "1780"]
[BlackElo "1933"]
[Opening "Ruy Lopez: Möller defense"]
[ECO "C78"]
[Time "23:17:13"]
[TimeControl "2700+45"]

1. e4 e5 2. Nf3 Nc6 3. Bb5 a6 4. Ba4 Nf6 5. O-O Bc5 6. Nxe5 Nxe5 7. d4 Nxe4 8.
Re1 Be7 9. Rxe4 Ng6 10. c3 O-O 11. Bf4 d5 12. Rxe7 Qxe7 13. Bg3 Bg4 14. f3 Bf5
15. Nd2 c6 16. Nf1 Rfe8 17. Bf2 Qg5 18. Ng3 Bd7 19. Bc2 Nf4 20. Qc1 h5 21. h4
Qxh4 22. Ne4 Ne2+ 23. Kf1 Qxe4 24. fxe4 Nxc1 25. e5 Nxa2 26. Rxa2 Bg4 27. Bh4
Re6 28. b4 f6 29. Bg3 h4 30. Bh2 h3 31. gxh3 Bxh3+ 32. Kf2 fxe5 33. dxe5 Rf8+
34. Ke3 Bf5 35. Bd1 Rg6 36. Kd4 Rb8 37. Rf2 Bg4 38. Bc2 Rh6 39. Bf4 Rh3 40. Rg2
Bf3 41. Rf2 Rf8 42. Bg5 Be4 43. Rxf8+ Kxf8 44. Bxe4 dxe4 45. c4 Rb3 {White
resigns} 0-1

[Event "Team 45 45 League T69"]
[Site "Internet Chess Club"]
[Date "2016.07.06"]
[Round "5"]
[White "Gilligan"]
[Black "charles-allen"]
[Result "1/2-1/2"]
[WhiteElo "1964"]
[BlackElo "1850"]
[Opening "French defense, Steiner variation"]
[ECO "A13"]
[Time "18:30:41"]
[TimeControl "2700+45"]

1. c4 e6 2. e4 d5 3. exd5 exd5 4. d4 Nf6 5. Nc3 c6 6. Bd3 dxc4 7. Bxc4 Be7 8.
Nge2 O-O 9. O-O Nbd7 10. Bb3 Nb6 11. Nf4 Bf5 12. h3 Nbd5 13. Nfxd5 Nxd5 14. Nxd5
cxd5 15. Bf4 Rc8 16. Qd2 Bf6 17. Rfe1 Qb6 18. Be5 Rfd8 19. Bxf6 Qxf6 20. Qf4 Qg6
21. Qg3 Qxg3 22. fxg3 Be4 23. Rac1 g5 24. g4 Kg7 25. Kf2 Kg6 26. Rc3 Rxc3 27.
bxc3 b5 28. Re3 Rc8 29. Kg3 a5 30. Bd1 b4 31. cxb4 axb4 32. Bf3 Rc3 33. Bxe4+
dxe4 34. Kf2 f5 35. d5 Rc4 36. gxf5+ Kxf5 37. Rb3 Rc2+ 38. Kf1 Rxa2 39. Rxb4 Rd2
40. Rb7 Rxd5 41. Rf7+ Kg6 42. Re7 Rd4 43. Ke2 h5 44. Ke3 Ra4 45. Rxe4 Rxe4+ 46.
Kxe4 Kf6 47. g4 hxg4 48. hxg4 {Game drawn by mutual agreement} 1/2-1/2

[Event "Team 45 45 League T69"]
[Site "Internet Chess Club"]
[Date "2016.07.06"]
[Round "5"]
[White "EndgamesMaster"]
[Black "Atrophied"]
[Result "1-0"]
[WhiteElo "2283"]
[BlackElo "1562"]
[Opening "Sicilian: Alapin's variation (2.c3)"]
[ECO "B22"]
[Time "23:01:41"]
[TimeControl "2700+45"]

1. e4 c5 2. c3 Nf6 3. e5 Nd5 4. d4 cxd4 5. Nf3 Nc6 6. cxd4 d6 7. Bc4 Nb6 8. Bb5
Bd7 9. Nc3 dxe5 10. Nxe5 Nxe5 11. dxe5 e6 12. O-O Be7 13. Qg4 g6 14. Bh6 Bf8 15.
Bxf8 Kxf8 16. Rfd1 Qe7 17. Bxd7 Nxd7 18. Qd4 Nb6 19. Nb5 Nd5 20. Nxa7 Kg7 21.
Nb5 Rhc8 22. Nd6 Rc6 23. a3 Qg5 24. g3 Rc2 25. f4 Qg4 26. Rac1 Ra4 27. Qxa4 Ne3
28. Qxc2 Nxc2 29. Kf2 Qh3 30. Ne8+ Kf8 31. Nf6 Qxh2+ 32. Kf3 h5 33. Rd8+ Kg7 34.
Rg8+ Kh6 35. Rh8+ Kg7 36. Rh7+ Kf8 37. Rd1 Nd4+ 38. Rxd4 Qh1+ 39. Ke2 Qg2+ 40.
Kd3 Qf3+ 41. Kc2 Qe2+ 42. Kb1 Qf1+ 43. Ka2 {Black resigns} 1-0

[Event "Team 45 45 League T69"]
[Site "Internet Chess Club"]
[Date "2016.07.09"]
[Round "5"]
[White "WCourson"]
[Black "jorobo"]
[Result "0-1"]
[WhiteElo "1677"]
[BlackElo "2020"]
[Opening "Giuoco Piano"]
[ECO "C54"]
[Time "14:19:38"]
[TimeControl "2700+45"]

1. e4 e5 2. Nf3 Nc6 3. Bc4 Bc5 4. c3 Nf6 5. d3 d6 6. Bb3 a6 7. Be3 Bxe3 8. fxe3
O-O 9. Nbd2 d5 10. exd5 Nxd5 11. Nf1 Bg4 12. Qd2 Kh8 13. O-O-O f5 14. h3 Bh5 15.
Ng3 Bxf3 16. gxf3 f4 17. exf4 exf4 18. Ne4 Ne3 19. d4 Nxd1 20. Qxd1 Qh4 21. Rg1
Ne7 22. Ng5 g6 23. Qe2 Nc6 24. d5 Rae8 25. Ne6 Nd8 26. Rg4 Qf6 27. Rxf4 Qxf4+
28. Nxf4 Rxe2 29. Nxe2 Rxf3 30. h4 Rh3 31. Kd2 Rxh4 32. Ke3 Kg7 33. Bd1 Kf6 34.
b3 Ke5 35. c4 Rh3+ 36. Kf2 Rd3 37. Ke1 Nf7 38. Bc2 Rh3 39. Kf2 Rh2+ 40. Ke3 Nd6
41. a3 Nf5+ 42. Kd3 Rxe2 43. Kxe2 Nd4+ 44. Kd3 Nxc2 45. Kxc2 Kd4 46. Kd2 b6 47.
Ke2 g5 48. Kf3 h5 49. Kg3 a5 50. Kf3 h4 51. Kg4 a4 {White resigns} 0-1

[Event "Team 45 45 League T69"]
[Site "Internet Chess Club"]
[Date "2016.07.11"]
[Round "5"]
[White "kabindra"]
[Black "nurmi"]
[Result "0-1"]
[WhiteElo "1648"]
[BlackElo "2083"]
[Opening "Scotch gambit: Dubois-Réti defense"]
[ECO "C55"]
[Time "11:16:50"]
[TimeControl "2700+45"]

1. e4 e5 2. Nf3 Nc6 3. Bc4 Nf6 4. d4 exd4 5. c3 Nxe4 6. Qe2 d5 7. Bb5 dxc3 8.
Nxc3 Bb4 9. O-O Bxc3 10. bxc3 O-O 11. Bb2 Re8 12. Qd3 Bf5 13. Qd1 Qd6 14. Nd4
Bd7 15. Nxc6 Bxc6 16. Bd3 Nf6 17. Qc2 h6 18. Rad1 Qf4 19. f3 Ba4 20. Qd2 Qxd2
21. Rxd2 c5 22. Bf5 Bb5 23. Rfd1 Bc4 24. a4 Re5 25. Bc2 Rae8 26. a5 Nh5 27. Ba3
b6 28. axb6 axb6 29. Ba4 Re1+ 30. Kf2 R8e2+ 31. Rxe2 Rxe2+ {White resigns} 0-1